 Dungeon Crawl Stone Soup version 0.28-a0-804-g60983d4ba9 (webtiles) character file.

Game seed: 18258915817946391386

62 vurker the Gusty (level 3, -3/15 HPs)
             Began as a Felid Air Elementalist on Nov 7, 2021.
             Slain by a water moccasin skeleton (7 damage)
             ... on level 2 of the Dungeon.
             The game lasted 00:02:34 (2257 turns).

vurker the Gusty (Felid Air Elementalist)           Turns: 2257, Time: 00:02:34

Health: -3/15      AC:  1    Str:  4    XL:     3   Next: 85%
Magic:  0/8        EV: 17    Int: 17    God:
Gold:   51         SH:  0    Dex: 16    Spells: 6/7 levels left
                                        Lives:  0   Deaths: 0

rFire   + . .      SeeInvis +   (weapon unavailable)
rCold   . . .      Faith    .   (shield unavailable)
rNeg    . . .      Spirit   .   (armour unavailable)
rPois   .          Reflect  .   (helmet unavailable)
rElec   .          Harm     .   (cloak unavailable)
rCorr   .          Rampage  .   (gloves unavailable)
Will    .....                   (boots unavailable)
Stlth   ++........              (no amulet)
HPRegen 0.05/turn               g - ring of protection from fire
MPRegen 0.11/turn               (no ring)

@: very slightly contaminated, quick
A: very small, claws 1, fangs 3, see invisible, speed 1, shaggy fur 1, stealthy
paws, no weapons or thrown items, no armour, multi-lived
a: no special abilities


You were on level 2 of the Dungeon.
You visited 1 branch of the dungeon, and saw 2 of its levels.

You collected 51 gold pieces.

Inventory:

Jewellery
 g - a ring of protection from fire (left paw)
   (You found it on level 2 of the Dungeon)
Scrolls
 a - a scroll of fear {unknown}
 b - 2 scrolls of vulnerability {unknown}
 d - a scroll of immolation {unknown}
 e - 2 scrolls of teleportation {unknown}
 f - a scroll of identify {unknown}
Potions
 c - 3 potions of curing {unknown}


   Skills:
 + Level 1.2 Fighting
 - Level 2.6 Dodging
 - Level 2.6 Stealth
 * Level 2.8 Spellcasting
 + Level 1.4 Conjurations
 * Level 3.3 Air Magic


You had 6 spell levels left.
You knew the following spells:

 Your Spells              Type           Power      Damage    Failure   Level
a - Shock                 Conj/Air       40%        1d5       7%          1

Your spell library contained the following spells:

 Spells                   Type           Power      Damage    Failure   Level
 Static Discharge         Conj/Air       10%        N/A       10%         2
 Swiftness                Air            13%        N/A       14%         3
 Airstrike                Air            6%         N/A       41%         4


Dungeon Overview and Level Annotations

Branches:
Dungeon (2/15)

Altars:
Yredelemnul


Innate Abilities, Weirdness & Mutations

You have sharp claws.
You have razor-sharp teeth.
You have supernaturally acute eyesight. (SInv)
You cover ground quickly. (Speed+)
You are covered in fur. (AC +1)
Your paws help you pounce on unaware monsters.
You are incapable of wielding weapons or throwing items.
You cannot wear armour.
You gain extra lives every three experience levels.


Message History

Aim: a giant cockroach (almost dead, 68% to hit)
The zap hits the giant cockroach.
You kill the giant cockroach!
You can't see any susceptible monsters within range! (Use Z to cast anyway.)
You can't see any susceptible monsters within range! (Use Z to cast anyway.)
You see here a giant cockroach corpse.
Found a smoky silvery potion.
c - 3 smoky silvery potions (gained 1)
A water moccasin skeleton comes into view.
A water moccasin skeleton is nearby!
A water moccasin skeleton is nearby!
A water moccasin skeleton is nearby!
Aim: a water moccasin skeleton (dormant, 100% to hit)
The zap hits the water moccasin skeleton.
Aim: a water moccasin skeleton (lightly damaged, 77% to hit)
The zap hits the water moccasin skeleton.
Aim: a water moccasin skeleton (lightly damaged, 77% to hit)
The zap hits the water moccasin skeleton.
Aim: a water moccasin skeleton (lightly damaged, 77% to hit)
The zap misses the water moccasin skeleton.
Aim: a water moccasin skeleton (lightly damaged, 77% to hit)
The zap hits the water moccasin skeleton.
The water moccasin skeleton barely misses you.
Aim: a water moccasin skeleton (moderately damaged, 77% to hit)
The zap misses the water moccasin skeleton.
The water moccasin skeleton bites you!
You scratch the water moccasin skeleton.
The water moccasin skeleton bites you.
* * * LOW HITPOINT WARNING * * *
The water moccasin skeleton completely misses you.
The water moccasin skeleton bites you.
* * * LOW HITPOINT WARNING * * *
Aim: a water moccasin skeleton (heavily damaged, 77% to hit)
You miscast Shock.
You are very lightly contaminated with residual magic.
Nothing appears to happen.
The water moccasin skeleton bites you.
* * * LOW HITPOINT WARNING * * *
Aim: a water moccasin skeleton (heavily damaged, 77% to hit)
The zap hits the water moccasin skeleton. x2
The water moccasin skeleton closely misses you.
Aim: a water moccasin skeleton (heavily damaged, 77% to hit)
The zap hits the water moccasin skeleton. x2
The water moccasin skeleton misses you.
You don't have enough magic to cast this spell.
You closely miss the water moccasin skeleton.
You bite the water moccasin skeleton, but do no damage.
The water moccasin skeleton completely misses you.
You scratch the water moccasin skeleton.
The water moccasin skeleton bites you!
You die...

......................รท.......
.######...###................
## #...# #.##..._....##.### #
#...# #.##.^....)......# #
#...###.##........##.#.#
#..........##.#.)###.#.# ##
#...###.##.##.#........# #.
##### #.......#......#.###.
#######@#####..#.##.##.. ....#
#Z# #........... #.....#.#
##.####.##.. #.......#
#.####.#### #.#.#.### #......#
#. ######## #


You could see a water moccasin skeleton.

Vanquished Creatures
  An adder (D:2)
  2 worms (D:2)
  2 dart slugs (D:1)
  8 ball pythons
  3 bats
  2 endoplasms
  A giant cockroach (D:2)
  A goblin (D:1)
  5 hobgoblins
  5 jackals (D:1)
  3 kobolds
  A quokka (D:1)
  4 frilled lizards
  2 rats
40 creatures vanquished.

Vanquished Creatures (others)
  A fungus (D:1)
  8 plants (D:1)
9 creatures vanquished.

Grand Total: 49 creatures vanquished

Notes
Turn   | Place    | Note
-------+----------+-------------------------------------------
     0 | D:1      | vurker the Felid Air Elementalist began the quest for the
                  | Orb.
     0 | D:1      | Reached XP level 1. HP: 7/7 MP: 4/4
   119 | D:1      | Reached skill level 1 in Conjurations
   293 | D:1      | Reached XP level 2. HP: 12/12 MP: 0/6
   423 | D:1      | Found a faded altar of an unknown god.
   487 | D:1      | Reached skill level 3 in Air Magic
   762 | D:1      | Reached XP level 3. HP: 4/15 MP: 0/7
  1186 | D:2      | Reached skill level 1 in Fighting
  1246 | D:2      | Found a basalt altar of Yredelemnul.
  2257 | D:2      | Slain by a water moccasin skeleton

Illustrated notes

Levels and vault maps discovered:
D:1:      wander_arrival_estate, layout_rooms, dreamdust_ecumenical_altar_grove,
          serial_bayou_pond_c
D:2:      layout_loops_cross, basic_altar

Skill      XL: |  1  2  3 |
---------------+----------+-----
Conjurations   | 1 |  1.4
Air Magic      | 3 |  3.3
Fighting       | 1 |  1.2
Dodging        | |  2.6
Stealth        | |  2.6
Spellcasting   | |  2.8

Action                   || total
-------------------------++-------
Melee: Unarmed           ||    43
       Bite              ||     3
 Cast: Shock             ||   115
Armor: Skin              ||     3
Dodge: Dodged            ||    47

Table legend: (Time is in decaauts)
 A = Elapsed time spent in this place.
 B = Non-inter-level travel time spent in this place.
 C = Inter-level travel time spent in this place.
 D = Time resting spent in this place.
 E = Time spent auto-exploring this place.
 F = Levels seen in this place.
 G = Mean time per level.
                   A        B        C        D        E       F      G
               +--------+--------+--------+--------+--------+-----+--------+
         Total |   2105 |   2097 |      8 |      0 |   1787 |   2 | 1052.5 |
       Dungeon |   2105 |   2097 |      8 |      0 |   1787 |   2 | 1052.5 |
               +--------+--------+--------+--------+--------+-----+--------+

Top non-repeatable levels by time:
     D:2: 1065 daAuts
     D:1: 1040 daAuts
